 Dungeon Crawl Stone Soup version 0.24.1-4-ge52af88ad5 (webtiles) character file.

Game seed: 15823961196772617988, levelgen mode: deterministic

49 Frank2 the Ducker (level 3, -2/27 HPs)
             Began as a Demonspawn Gladiator on Apr 13, 2020.
             Slain by a gnoll
             ... wielding a +0 halberd
              (7 damage)
             ... on level 2 of the Dungeon on Apr 19, 2020.
             The game lasted 00:02:01 (1076 turns).

Frank2 the Ducker (Demonspawn Gladiator)            Turns: 1076, Time: 00:02:01

Health: -2/27      AC:  4    Str: 14    XL:     3   Next: 53%
Magic:  3/3        EV: 13    Int:  9    God:
Gold:   33         SH:  0    Dex: 15    Spells: 2/2 levels left

rFire    . . .     SeeInvis .   a - +0 flail
rCold    . . .     Gourm    .   (no shield)
rNeg     . . .     Faith    .   b - +0 leather armour
rPois    .         Spirit   .   c - +0 helmet
rElec    .         Reflect  .   (no cloak)
rCorr    .         Harm     .   (no gloves)
MR       .....                  (no boots)
Stlth    ++........             (no amulet)
HPRegen  0.09/turn              (no ring)
MPRegen  0.08/turn              (no ring)

@: no status effects
A: talons 1, nightstalker 1
a: no special abilities


You were on level 2 of the Dungeon.
You were hungry.

You visited 1 branch of the dungeon, and saw 2 of its levels.

You collected 33 gold pieces.

Inventory:

Hand Weapons
 a - a +0 flail (weapon)
Missiles
 d - 3 throwing nets (quivered)
Armour
 b - a +0 leather armour (worn)
 c - a +0 helmet (worn)
Jewellery
 g - an uncursed amulet of faith {unknown}
 i - a cursed ring of attention {unknown}
Scrolls
 j - a scroll of immolation {unknown}
 k - a scroll of identify {unknown}
 l - 2 scrolls of teleportation {unknown}
 m - a scroll of fog {unknown}
 n - a scroll of enchant weapon {unknown}
Potions
 e - a potion of degeneration {unknown}
 h - a potion of flight {unknown}
 o - a potion of ambrosia {unknown}
Comestibles
 f - 4 rations


   Skills:
 + Level 2.2 Fighting
 + Level 3.3 Maces & Flails
 - Level 1.7 Throwing
 + Level 0.4 Armour
 + Level 3.4 Dodging


You had 2 spell levels left.
You didn't know any spells.
Your spell library was empty.

Dungeon Overview and Level Annotations

Branches:
Dungeon (2/15)

Altars:
Qazlal


Innate Abilities, Weirdness & Mutations

You have sharp toenails.
You are slightly more attuned to the shadows.


Message History

The gnoll barely misses you. The gnoll closely misses you.
You hit the gnoll. You claw the gnoll, but do no damage.
The gnoll is heavily wounded.
The gnoll hits you but does no damage. The gnoll closely misses you. x2
You hit the gnoll but do no damage. You claw the gnoll.
The gnoll is severely wounded.
The gnoll hits you from afar with a +0 halberd!
The gnoll closely misses you.
You closely miss the gnoll. You claw the gnoll, but do no damage.
The gnoll is severely wounded.
The gnoll hits you. The gnoll barely misses you.
You hit the gnoll but do no damage.
The gnoll is severely wounded.
The gnoll barely misses you. x2
You hit the gnoll.
The gnoll is almost dead.
The gnoll hits you.
* * * LOW HITPOINT WARNING * * *
The gnoll hits you from afar with a +0 halberd!
You die...

. #.#.............
..##.#.#g#.........
.......#.#g#.##...#
..........#### ####
#...##.#g###...#
#...##.#g# .....#
##+#..##..#g# ......
#.#.....##..#g#
###...
#.#.....##..#@# ##.
.# #.#.....##..#.####
.# #.#..............#
.# #.#...#.##.......#
.###.#(..#.##.##....#
....)...##.##.##.####
.###.#####.##.##.#
.###.# #.##.##.#
.....# #.##.# .#


You could see 4 gnolls.

Vanquished Creatures
  An adder (D:2)
  A worm (D:2)
  2 dart slugs (D:1)
  A ball python (D:2)
  2 bats (D:1)
  2 giant cockroaches
  4 hobgoblins (D:1)
  3 jackals (D:1)
  A kobold (D:1)
  3 frilled lizards (D:1)
  5 goblins
  7 rats
32 creatures vanquished.

Notes
Turn   | Place    | Note
-------+----------+-------------------------------------------
     0 | D:1      | Frank2 the Demonspawn Gladiator began the quest for the
                  | Orb.
     0 | D:1      | Reached XP level 1. HP: 16/16 MP: 1/1
    66 | D:1      | Gained mutation: You are slightly more attuned to the
                  | shadows. [demonic ancestry]
    66 | D:1      | Reached XP level 2. HP: 12/22 MP: 2/2
   551 | D:1      | Gained mutation: You have sharp toenails. [demonic
                  | ancestry]
   551 | D:1      | Reached XP level 3. HP: 27/27 MP: 3/3
   752 | D:2      | Found a stormy altar of Qazlal.
   753 | D:2      | Noticed a fire elemental
  1076 | D:2      | Slain by a gnoll

Levels and vault maps discovered:
D:1:      eino_arrival_water_cross, layout_loops_ring, st_stairs_10
D:2:      layout_basic, eino_curves_01, nicolae_qazlal_style_of_elements

Skill      XL: |  1  2 |
---------------+-------+-----
Dodging        | 3 |  3.4
Maces & Flails | 3 |  3.3
Fighting       | |  2.2
Throwing       | |  1.7
Armour         | |  0.4

Action                   || total
-------------------------++-------
Melee: Flail             ||    89
       Kick              ||     8
Throw: Throwing net      ||     2
 Stab: Sleeping          ||     2
       Held in net/web   ||     1
Armor: Leather armour    ||    11
Dodge: Dodged            ||    84
